 Dungeon Crawl Stone Soup version 0.17.0-24-gcfadda4 (webtiles) character file.

312 oplop the Insei (level 6, -2/42 HPs)
             Began as an Octopode Transmuter on Nov 17, 2015.
             Slain by Medar's ghost (11 damage)
             ... on level 4 of the Dungeon.
             The game lasted 00:06:20 (3247 turns).

oplop the Insei (Octopode Transmuter)               Turns: 3247, Time: 00:06:21

Health: -2/42      AC:  1    Str: 12    XL:     6   Next: 42%
Magic:  2/11       EV: 12    Int: 15    God:
Gold:   220        SH:  0    Dex: 12    Spells: 3 memorised, 5 levels left

rFire  . . .     SeeInvis .       - Unarmed
rCold  . . .     Clarity  .     (no shield)
rNeg   . . .     SustAt   .     (helmet restricted)
rPois  +         Gourm    .     (no amulet)
rElec  .         Spirit   .     j - +5 ring of evasion
rCorr  .         Warding  .     (no ring)
rMut   .         Stasis   .     (no ring)
MR     .....                    (no ring)
Stlth  ++........               (no ring)
                                (no ring)
                                (no ring)
                                (no ring)

@: very slightly contaminated, not resistant to hostile enchantments, unstealthy
A: almost no armour, amphibious, 8 rings, constrict 8, camouflage 1, blurry
vision 1, poison resistance, gelatinous body 1, subdued magic 1
a: no special abilities


You were on level 4 of the Dungeon.
You were not hungry.

You visited 1 branch of the dungeon, and saw 4 of its levels.

You collected 220 gold pieces.

Inventory:

Missiles
 a - 38 arrows
Jewellery
 j - a +5 ring of evasion (left tentacle)
Scrolls
 e - a scroll of immolation
 f - 3 scrolls of recharging
 n - 3 scrolls of remove curse
Potions
 h - a potion of brilliance {unknown}
 i - a potion of cure mutation {unknown}
 m - 2 potions of heal wounds
 o - a potion of haste
 p - a potion of lignification
 q - a potion of might {unknown}
 s - 2 potions of curing {unknown}
Books
 b - a book of Changes

   Spells                             Type                      Level
   a - Beastly Appendage              Transmutation                1
   b - Sticks to Snakes               Transmutation                2
   c - Spider Form                    Transmutation/Poison         3
   d - Ice Form                       Ice/Transmutation            4
   e - Blade Hands                    Transmutation                5
Comestibles
 c - 3 chunks of flesh
 d - 3 fruits
 g - 2 slices of pizza
 k - a meat ration
 l - a beef jerky


   Skills:
 + Level 3.1 Fighting
 - Level 2.0 Dodging
 + Level 4.0 Unarmed Combat
 + Level 3.3 Spellcasting
 + Level 3.8 Transmutations
 + Level 1.3 Poison Magic


You had 5 spell levels left.
You knew the following spells:

 Your Spells              Type           Power        Failure   Level  Hunger
a - Beastly Appendage     Trmt           #.....       1%          1    None
b - Sticks to Snakes      Trmt           #.........   3%          2    ##.....
c - Spider Form           Trmt/Pois      #.........   13%         3    ###....


Dungeon Overview and Level Annotations

Branches:
Dungeon (4/15)
 Temple: D:4-7

Altars:

Annotations:
D:2 exclusion: worm
D:4 Medar's ghost, weakling VSSk


Innate Abilities, Weirdness & Mutations

You cannot wear most types of armour.
You are amphibious.
You can wear up to eight rings at the same time.
You can use your tentacles to constrict eight enemies at once.
Your skin changes colour to match your surroundings (Stealth).
Your rubbery body absorbs attacks (AC +1).
Scrolls take you a little longer to read.
Your system is resistant to poisons.
Your spells are a little easier to cast, but a little less powerful.


Message History

You hit Medar's ghost but do no damage.
Medar's ghost is moderately damaged.
Your ball python barely misses Medar's ghost.
Your ball python misses Medar's ghost.
Medar's ghost barely misses you.
Your ball python bites Medar's ghost but does no damage.
You hit Medar's ghost but do no damage.
Medar's ghost is moderately damaged.
Your transformation has ended.
Your ball python bites Medar's ghost but does no damage.
Medar's ghost hits you!
* * * LOW HITPOINT WARNING * * *
Your ball python bites Medar's ghost but does no damage.
Your ball python bites Medar's ghost but does no damage.
Your ball python closely misses Medar's ghost.
There is a stone staircase leading up here.
Unknown command.
Your ball python misses Medar's ghost.
Your ball python bites Medar's ghost but does no damage.
Medar's ghost hits you!
You die...

#.# ### #....
#.#######.#### #....
#.#..........# #....
#.#.#####.##.#.###.#
#.#.#...#.##.#......
##.#.......##.#####.#
#....S.#....#.#####..
#..#.WS###.##........
#.).@....#.##.#######
#...#....#.####
#.(......#.#
#......#.#.#
#...(....#..
#...#<.#.#
#...#..........
#.######.#.#### #.
.#...


You could see Medar's ghost and 2 friendly ball pythons.

Vanquished Creatures
  Sigmund (D:3)
  Jessica (D:3)
  Robin (D:2)
  4 adders
  A gnoll (D:3)
  An ooze (D:3)
  A worm (D:3)
  2 giant geckos
  3 orcs
  3 giant cockroaches
  15 goblins
  11 hobgoblins
  4 kobolds
  6 bats
  4 giant newts
  8 rats
66 creatures vanquished.

Notes
Turn   | Place    | Note
--------------------------------------------------------------
     0 | D:1      | oplop the Octopode Transmuter began the quest for the Orb.
     0 | D:1      | Reached XP level 1. HP: 13/13 MP: 3/3
   317 | D:1      | Reached XP level 2. HP: 13/18 MP: 3/5
   764 | D:1      | You fall through a shaft!
  1177 | D:1      | Reached XP level 3. HP: 23/23 MP: 4/7
  1489 | D:2      | Noticed Robin
  1517 | D:2      | Killed Robin
  1831 | D:2      | Reached XP level 4. HP: 24/29 MP: 6/8
  2608 | D:3      | Gained mutation: Your system is resistant to poisons. [potion of mutation]
  2608 | D:3      | Gained mutation: Your spells are a little easier to cast, but a little less powerful. [potion of mutation]
  2608 | D:3      | Gained mutation: Scrolls take you a little longer to read. [potion of mutation]
  2658 | D:3      | Learned a level 2 spell: Sticks to Snakes
  2662 | D:3      | Learned a level 3 spell: Spider Form
  2689 | D:3      | Noticed Sigmund
  2762 | D:3      | Killed Sigmund
  2762 | D:3      | Reached skill level 4 in Unarmed Combat
  2762 | D:3      | Reached XP level 5. HP: 17/36 MP: 8/10
  2762 | D:3      | Reached XP level 6. HP: 19/42 MP: 8/11
  2854 | D:3      | Noticed Jessica
  2858 | D:3      | Killed Jessica
  2982 | D:3      | Reached skill level 1 in Poison Magic
  3050 | D:3      | Found a faded altar to an unknown god.
  3206 | D:4      | Noticed Medar's ghost (weakling VSSk)
  3247 | D:4      | Slain by Medar's ghost

Action                   |  1- 3 |  4- 6 || total
-------------------------+-------+-------++-------
Melee: Unarmed           |    77 |    75 ||   152
 Cast: Beastly Appendage |    23 |    16 ||    39
       Sticks to Snakes  |       |     2 ||     2
       Spider Form       |       |     1 ||     1
  Use: Scroll            |       |     7 ||     7
       Potion            |       |     3 ||     3
 Stab: Sleeping          |     3 |     3 ||     6
  Eat: Chunk             |     3 |     2 ||     5
       Bread ration      |       |     1 ||     1
